[Event "*** Titled Tuesday Blitz"]
[Site "Chess.com"]
[Date "2020.04.21"]
[Round "4"]
[White "Enriquack"]
[Black "noblerone"]
[Result "0-1"]
[WhiteElo "2259"]
[BlackElo "2454"]
[TimeControl "180+1"]
[EndTime "10:41:50 PDT"]
[Termination "noblerone won by resignation"]

1. e4 c5 2. Nf3 e6 3. d4 cxd4 4. Nxd4 Qb6 5. Nb3 Qc7 6. Be3 Nf6 7. Bd3 a6 8. N1d2 b5 9. a4 bxa4 10. Rxa4 Bb7 11. Qf3 Nc6 12. Qg3 Qxg3 13. hxg3 Nb4 14.
Ke2 Nxd3 15. Kxd3 Bc6 16. Ra2 d5 17. e5 Nd7 18. f4 Bb5+ 19. c4 dxc4+ 20. Nxc4 Rc8 21.
Rc1 Bb4 22. Kd4 O-O 23. Nd6 Rxc1 24. Bxc1 Bf1 25. Bd2 Rb8 26. Bc3 Bxc3+ 27. Kxc3 Bxg2 28. Rxa6 Bd5 29. Nd4 Nc5 30. Ra3 h5 31. b4 Ne4+ 32. Nxe4 Bxe4 33. b5 Bd5 34. Ra4 f6 35. Rb4 fxe5 36.
fxe5 g6 37. b6 g5 38. b7 h4 39. gxh4 gxh4 40. Ne2 Rxb7 41. Rxh4 Rb3+ 42. Kd2 Rb2+ 43. Ke3 Kf7 44. Nd4 Ra2 45. Rh7+ Kg6 46. Rh4 Kg5 47. Rh8 Ra3+ 48. Kf2 Kf4 49. Ne2+ Kxe5 50. Rh5+ Kd6 51. Rh6 Rf3+ 52. Ke1 Ra3 53. Kd2 Ra2+ 54. Kd3 Ra4 55.
Nc3 Rg4 56. Nxd5 Kxd5 57. Rh8 Rg3+ 58. Kd2 e5 59. Rd8+ Ke4 60. Ra8 Rg2+ 61. Ke1 Kf3 62.
Ra3+ Kf4 63. Ra4+ e4 64. Ra8 Kf3 65. Ra3+ Kf4 66. Ra8 Rb2 67. Rf8+ Ke3 68. Kd1 Rb1+ 69. Kc2 Re1 70. Kc3 Ke2 71. Kc2 e3 72. Kc3 Rf1 73. Re8 Rf7 74. Kc2 Rc7+ 75. Kb2 Kd2 76. Rd8+ Ke1 77.
Re8 e2 78. Rd8 Rf7 79. Re8 Kf1 80. Kc2 e1=Q 0-1

[Event "*** Titled Tuesday Blitz"]
[Site "Chess.com"]
[Date "2020.04.21"]
[Round "4"]
[White "volcanoexplorer"]
[Black "Azatic"]
[Result "1/2-1/2"]
[WhiteElo "2497"]
[BlackElo "2655"]
[TimeControl "180+1"]
[EndTime "10:41:51 PDT"]
[Termination "Game drawn by stalemate"]

1. e4 c5 2. Nf3 e6 3. d4 cxd4 4. Nxd4 a6 5. Be2 Nf6 6. Nc3 Qc7 7. O-O Be7 8. Be3 d6 9. f4 O-O 10. Kh1 Nc6 11. Qe1 Nxd4 12. Bxd4 b5 13. Bd3 Bb7 14.
Qg3 Nh5 15. Qg4 Nf6 16. Qg3 e5 17. fxe5 Nh5 18. Qh3 dxe5 19. Bxe5 Qxe5 20. Rf5 Qe6 21.
Rxh5 Qxh3 22. Rxh3 g6 23. Rf1 Rad8 24. Re3 Bc5 25.
Re2 Bd4 26. Nd1 Kg7 27. a3 h5 28. b3 Bc5 29. a4 bxa4 30. bxa4 Bd4 31. Ne3 Bxe3 32.
Rxe3 Rd4 33. Rb1 Rxa4 34. h3 Ba8 35. e5 Re8 36. Rbe1 Re6 37. Kh2 a5 38. Rb1 Rb4 39.
Rxb4 axb4 40. Bc4 Re7 41. h4 Bc6 42. Kg3 Bd7 43. Kf4 Bf5 44. Bb3 Rc7 45. Re2 Rc3 46. Rd2 Kf8 47. Rd8+ Ke7 48. Rd2 Be6 49. Ba4 Rc4+ 50.
Kg3 Rg4+ 51. Kf3 Rxh4 52. g3 Rc4 53. Rd6 Rc5 54. Rb6 Rc3+ 55. Kf2 Rc4 56. Rb7+ Kf8 57.
Bb3 Re4 58. Bxe6 fxe6 59. Rb6 Kf7 60. Kf3 Rc4 61. Rb7+ Kf8 62. Rb6 Rxc2 63. Rxb4 Rc7 64. Kf4 Rc5 65. Kg5 Rxe5+ 66. Kxg6 Rf5 67. Rb7 Ke8 68.
Rh7 Rf3 69. Rxh5 Rxg3+ 70. Kf6 Re3 71. Re5 Rxe5 72. Kxe5 Ke7 73. Ke4 Kd6 74. Kd4 e5+ 75. Ke4 Ke6 76. Ke3 Kf6 77. Ke4 Ke6 78. Ke3 Kd5 79. Kd3 e4+ 80. Ke3 Ke5 81. Ke2 Kf4 82.
Kf2 e3+ 83. Ke2 Ke4 84. Ke1 Kd3 85. Kd1 Ke4 86. Ke2 Kd4 87. Ke1 Kd3 88. Kd1 e2+ 89. Ke1 Ke3 1/2-1/2

[Event "*** Titled Tuesday Blitz"]
[Site "Chess.com"]
[Date "2020.04.21"]
[Round "4"]
[White "Gahan-MG"]
[Black "adricalderon8"]
[Result "1-0"]
[WhiteElo "2592"]
[BlackElo "2417"]
[TimeControl "180+1"]
[EndTime "10:41:52 PDT"]
[Termination "Gahan-MG won by resignation"]

1. e4 c5 2. Nf3 Nc6 3. c3 Nf6 4. e5 Nd5 5. d4 cxd4 6. cxd4 d6 7. Bc4 Nb6 8. Bb5 d5 9. O-O Bg4 10. h3 Bxf3 11. Qxf3 Rc8 12. Nc3 e6 13. Qg3 h6 14.
Be3 a6 15. Be2 Ne7 16. Bd3 g6 17. h4 Nf5 18. Bxf5 gxf5 19. Ne2 Rh7 20. Nf4 Rg7 21. Qf3 Qxh4 22. Nh5 Rg6 23. Nf6+ Rxf6 24. exf6 Qxf6 25.
Rac1 Rxc1 26. Rxc1 Kd7 27. Qg3 Bd6 28. Bf4 Nc4 29. Bxd6 Nxd6 30. Qc3 Qd8 31. b3 h5 32. Qf3 h4 33. Qf4 Qf6 34. Rc3 Nb5 35. Rd3 Nd6 36. Rh3 Ne4 37. Rxh4 Qxd4 38. Rh7 Qd1+ 39.
Kh2 Nd6 40. Rh8 Qg4 41. Qxg4 fxg4 42. Kg3 f5 43. Kf4 Ne4 44. f3 gxf3 45. gxf3 Nc3 46.
Ke5 Nxa2 47. Rh7+ Kc6 48. Kxe6 d4 49. Rd7 Kc5 50. Rd5+ Kb4 51. Rxd4+ Kxb3 52. Kxf5 b5 53. Ke6 Kc3 54. Rd6 b4 55. f4 b3 56. Rc6+ Kd3 57.
Rxa6 Nb4 58. Ra1 Nc6 59. f5 b2 60. Rb1 Nd4+ 61. Ke5 Nf3+ 62. Kf4 Nd4 63. Rxb2 Kc4 64.
Rf2 Kd5 65. Kg5 Ke5 66. f6 Ne6+ 67. Kg6 Nf8+ 68. Kg7 Ne6+ 69. Kg8 Ng5 70. f7 1-0

[Event "*** Titled Tuesday Blitz"]
[Site "Chess.com"]
[Date "2020.04.21"]
[Round "4"]
[White "Azatnew"]
[Black "Chess_Boxer123"]
[Result "1/2-1/2"]
[WhiteElo "2773"]
[BlackElo "2545"]
[TimeControl "180+1"]
[EndTime "10:41:54 PDT"]
[Termination "Game drawn - insufficient material"]

1. Nf3 d5 2. g3 Nf6 3. Bg2 Bf5 4. O-O e6 5. d4 h6 6. c4 c6 7. Nc3 Nbd7 8. Qb3 Qb6 9. c5 Qxb3 10. axb3 Be7 11.
b4 a6 12. Nd2 O-O 13. Nb3 e5 14. dxe5 Nxe5 15. Na5 Ra7 16. Bf4 Ned7 17. Rfd1 Re8 18.
Bc7 Bd8 19. Bxd8 Rxd8 20. Rd4 Rc8 21. Na4 Be4 22. Bxe4 Nxe4 23. Rad1 Ndf6 24. h4 Ne8 25. Kg2 Nc7 26. f3 Nf6 27. e4 Ne6 28. R4d2 dxe4 29.
fxe4 Nxe4 30. Rd7 Nf6 31. Nb6 Re8 32. Rxb7 Rxb7 33. Nxb7 Nc7 34. Rd8 Kf8 35. Rxe8+ Kxe8 36. Na5 Nfd5 37. Nxc6 g5 38. Kf3 f5 39. Nc4 Kd7 40.
N4e5+ Ke6 41. Nd3 g4+ 42. Kf2 Kd7 43. Nd4 Nb5 44. Nxf5 h5 45. Nd4 Nxd4 46. Ne5+ Ke6 47. Ng6 Nxb4 48. Nf4+ Kf5 49. Nxh5 Ne6 50. Ke3 Nd5+ 51.
Kd3 Kg6 52. Ke4 Nb4 53. Ke5 Nxc5 54. Nf4+ Kh6 55. Kf5 Ncd3 56. Ne6 Nxb2 57. Kxg4 a5 58. Nc5 N4d3 59. Nb3 a4 60. Na1 a3 61. Kf5 a2 62.
g4 Kg7 63. g5 Nc4 64. h5 Nc5 65. h6+ Kh7 66. Kf6 Ne4+ 67. Kf5 Ncd6+ 68. Kf4 Kg6 69. Ke5 Kxg5 70. h7 Kg6 71. h8=Q Nf7+ 72. Kxe4 Nxh8 73. Kd3 Nf7 74. Kc2 Nd6 75. Kb2 Kf6 76. Kxa2 1/2-1/2

[Event "*** Titled Tuesday Blitz"]
[Site "Chess.com"]
[Date "2020.04.21"]
[Round "4"]
[White "norwaytoadog"]
[Black "HashtagChess"]
[Result "1/2-1/2"]
[WhiteElo "2200"]
[BlackElo "1646"]
[TimeControl "180+1"]
[EndTime "10:41:57 PDT"]
[Termination "Game drawn by stalemate"]

1. e4 c5 2. Nf3 d6 3. Bb5+ Bd7 4. Bxd7+ Qxd7 5. O-O g6 6. Qe2 Bg7 7. c3 Nc6 8. Rd1 Nf6 9. d4 O-O 10. dxc5 Qg4 11. Nbd2 dxc5 12. h3 Qh5 13. e5 Nd7 14. e6 Nde5 15. Qf1 fxe6 16. Nxe5 Nxe5 17. Ne4 Nf3+ 18.
gxf3 Rxf3 19. Ng3 Rxg3+ 20. fxg3 Rf8 21. Bf4 g5 22. Qc4 gxf4 23. Qxe6+ Kh8 24. Rf1 f3 25. Rad1 Qg5 26. Qg4 Qe3+ 27. Rf2 Be5 28. Rf1 Qd3 29. Kh2 Rg8 30. Rxf3 Qd2+ 31. R3f2 Qh6 32. Qe4 Bxg3+ 33. Kg2 Bxf2+ 34. Kxf2 Qf6+ 35. Ke2 Qg6 36. Qxg6 Rxg6 37. Rf8+ Kg7 38. Re8 Rg2+ 39. Kd3 Rxb2 40. Rxe7+ Kf6 41. Rxh7 Rxa2 42. Rxb7 a5 43. Kc4 a4 44. h4 a3 45.
h5 Ra1 46. h6 Kg6 47. h7 Rh1 48. Ra7 Rxh7 49. Rxh7 Kxh7 50. Kb3 Kg6 51. Kxa3 Kf6 52. Kb3 Ke6 53. Kc4 Kd6 54. Kd3 Kd5 55. c4+ Kc6 56.
Ke4 Kd6 57. Kf5 Kc6 58. Ke6 Kc7 59. Kd5 Kd7 60. Kxc5 Kc7 61. Kd5 Kd7 62. Kc5 Kc7 63. Kb5 Kb7 64. c5 Kc7 65. c6 Kc8 66. Kb6 Kb8 67. Kc5 Kc8 68. Kd5 Kc7 69. Kc5 Kc8 70. Kd6 Kd8 71. c7+ Kc8 72. Kc6 1/2-1/2

[Event "*** Titled Tuesday Blitz"]
[Site "Chess.com"]
[Date "2020.04.21"]
[Round "4"]
[White "Poghosyan_Suren"]
[Black "baag"]
[Result "1/2-1/2"]
[WhiteElo "2487"]
[BlackElo "2641"]
[TimeControl "180+1"]
[EndTime "10:41:58 PDT"]
[Termination "Game drawn - insufficient material"]

1. Nf3 Nf6 2. c4 g6 3. b3 Bg7 4.
Bb2 O-O 5. g3 d6 6. d4 Nbd7 7.
Bg2 e5 8. dxe5 Ng4 9. O-O Ngxe5 10. Qc1 c6 11. Nc3 Qc7 12. Rd1 Nxf3+ 13. Bxf3 Nf6 14. Qf4 Rd8 15. Rac1 Qe7 16. Rd2 Be6 17. Rcd1 Ne8 18. h4 h5 19. Ne4 Bxb2 20. Rxb2 d5 21. cxd5 Bxd5 22. Rbd2 Bxe4 23. Bxe4 Rxd2 24. Rxd2 Rd8 25.
Rxd8 Qxd8 26. Bd3 Qd6 27. Qe3 Qb8 28. Qe7 Nc7 29. Bc4 Nd5 30. Bxd5 cxd5 31. Qd7 Qe5 32. e3 Qa1+ 33. Kg2 Qxa2 34. Qxd5 Qa6 35. Qd8+ Kg7 36.
Qd4+ Kh7 37. e4 Qb5 38. b4 b6 39. e5 a5 40. bxa5 bxa5 41. Qf4 Kg8 42. Qe4 Qe8 43.
Qd5 a4 44. Qa5 Qc6+ 45. Kh2 Qc2 46. Kg2 Qe4+ 47. Kh2 Kg7 48. Qa7 Qc4 49. e6 Qxe6 50. Qxa4 Qe2 51. Kg2 Qe5 52. Qc4 Qf6 53. Qe4 Qb6 54.
Qd5 Kg8 55. Qd7 Qf6 56. Qd3 Qb2 57. Qf3 Kg7 58. Qe4 Qb3 59. Qe5+ Kg8 60. Qd4 Kh7 61. Qf6 Qb7+ 62. Kh2 Qd5 63. Qf4 Kg7 64. g4 hxg4 65. Qxg4 Qe5+ 66. Qg3 Kf6 67. Kg2 Qe4+ 68. Kh2 Kf5 69.
Qg5+ Ke6 70. Qg3 Qe5 71. Kh3 Qxg3+ 72. Kxg3 Kf5 73. Kf3 f6 74. Kg3 Ke4 75. Kg4 Ke5 76.
f3 Kd4 77. h5 f5+ 78. Kf4 gxh5 79. Kxf5 Ke3 80. Kg5 Kxf3 81. Kxh5 1/2-1/2

[Event "*** Titled Tuesday Blitz"]
[Site "Chess.com"]
[Date "2020.04.21"]
[Round "4"]
[White "Jbd735"]
[Black "vlad_Sid"]
[Result "1-0"]
[WhiteElo "2462"]
[BlackElo "2631"]
[TimeControl "180+1"]
[EndTime "10:41:58 PDT"]
[Termination "Jbd735 won by resignation"]

1. e4 c6 2. d4 d5 3. Nc3 dxe4 4. Nxe4 Bf5 5. Ng3 Bg6 6. h4 h6 7.
Nf3 e6 8. Ne5 Bh7 9. Bc4 Nf6 10.
Qe2 Nd5 11. h5 Nd7 12. O-O Bd6 13. f4 O-O 14. c3 N7b6 15. Bd3 Bxd3 16. Qxd3 Ne7 17.
Be3 c5 18. Rad1 cxd4 19. Bxd4 Qc7 20. Kh1 Rfd8 21. Qe4 Nbd5 22. Rde1 Nc6 23. Nxc6 Qxc6 24. Rf3 Ne7 25. Qe2 Qc7 26. Ref1 Rac8 27. Ne4 Nf5 28. Qf2 Nxd4 29. Qxd4 Bxf4 30. Nf6+ gxf6 31. Qxf4 Qxf4 32. Rxf4 f5 33. g4 Rd2 34. gxf5 exf5 35. Rxf5 Rc7 36. Rg1+ Kf8 37. Rg2 Rd1+ 38. Kh2 Rd3 39. Re2 Rc6 40. Rfe5 Rf6 41. Re8+ Kg7 42. Rg2+ Kh7 43. Rgg8 Rd2+ 44. Rg2 Rxg2+ 45. Kxg2 Rf5 46. Kg3 Rxh5 47. Re7 Rb5 48. Rxf7+ Kg6 49. Rf2 Rg5+ 50. Kh4 Rh5+ 51. Kg4 Rg5+ 52. Kh4 Rh5+ 53. Kg4 Ra5 54. b3 h5+ 55. Kh4 Re5 56. c4 Re4+ 57. Kg3 Kg5 58. Kf3 Rf4+ 59.
Kg3 Rxf2 60. Kxf2 Kf4 61. Kg2 Ke4 62. Kh3 Kd4 63. Kh4 Kc3 64. Kxh5 Kb2 65. c5 Kxa2 66. b4 Kb3 67. b5 a5 68. c6 bxc6 69. bxc6 a4 70. c7 a3 71. c8=Q a2 72. Qc1 Ka4 73. Qa1 Kb3 74. Kg4 1-0

[Event "*** Titled Tuesday Blitz"]
[Site "Chess.com"]
[Date "2020.04.21"]
[Round "4"]
[White "fabianvivasz"]
[Black "Carnivoras"]
[Result "0-1"]
[WhiteElo "2323"]
[BlackElo "2610"]
[TimeControl "180+1"]
[EndTime "10:41:59 PDT"]
[Termination "Carnivoras won on time"]

1. e4 e5 2. Nf3 Nc6 3. d4 exd4 4. Nxd4 Nf6 5. Nxc6 bxc6 6. e5 Qe7 7. Qe2 Nd5 8. h4 Qe6 9. g3 d6 10. exd6 Bxd6 11.
Qxe6+ Bxe6 12. Bg2 O-O 13. O-O Nb4 14. Na3 Bd5 15.
Bd2 Rfe8 16. Rfe1 Rxe1+ 17. Bxe1 Re8 18. Rd1 Re2 19. Bxb4 Bxb4 20. Bxd5 cxd5 21. Rxd5 g6 22. Kf1 Re1+ 23. Kg2 Rc1 24. Nb5 Rxc2 25. Rd8+ Kg7 26. a3 Bc5 27. b4 Bxf2 28. Kf3 Bb6 29. Rd7 a6 30. Nd4 Rc3+ 31. Kg4 Rxa3 32. Ne6+ Kf6 33.
Ng5 Ra4 34. Rxf7+ Ke5 35. Rxh7 Rxb4+ 36. Kh3 a5 37. Re7+ Kf6 38. Re6+ Kg7 39. Re7+ Kf8 40. Rf7+ Kg8 41. Rf6 Kg7 42. Rf7+ Kg8 43. Rd7 a4 44.
h5 gxh5 45. Ne6 a3 46. Rg7+ Kh8 47. Rg5 Ra4 48. Rxh5+ Kg8 49. Rf5 a2 50. Rf8+ Kh7 51. Ng5+ Kg7 52. Ne6+ Kg6 53. Nf4+ Rxf4 54. Ra8 a1=Q 55.
Rxa1 Rf7 56. Rd1 Rh7+ 57. Kg2 Rg7 58. Re1 Kf6 59. Rd1 Ke6 60. Rd3 c5 61. Kf3 c4 62.
Rc3 Kd5 63. Ke2 Kd4 64. Rf3 c3 65. Kd1 Rd7 66. Kc2 Ba5 67. g4 Kc4 68. Rf4+ Kb5 69. Rf5+ Ka4 70. Rf4+ Bb4 71. Rf2 Rg7 72. Rg2 Kb5 73.
g5 Rg6 74. Rg4 Rg7 75. Kb3 Ba5 76. g6 Kc5 77. Rg5+ Kb6 78. Rg4 Ka6 79. Rg5 Rb7+ 0-1

[Event "*** Titled Tuesday Blitz"]
[Site "Chess.com"]
[Date "2020.04.21"]
[Round "4"]
[White "hellokostya"]
[Black "Arjun2002"]
[Result "0-1"]
[WhiteElo "2477"]
[BlackElo "2654"]
[TimeControl "180+1"]
[EndTime "10:42:00 PDT"]
[Termination "Arjun2002 won by checkmate"]

1. d4 d5 2. c4 c6 3. Nf3 Nf6 4. e3 Bf5 5. Nc3 e6 6. Nh4 Be4 7. f3 Bg6 8. Qb3 Qc7 9. Bd2 Be7 10.
g3 O-O 11. Nxg6 hxg6 12. O-O-O dxc4 13. Bxc4 b5 14. Be2 a6 15. Kb1 c5 16. Rc1 Nbd7 17. g4 c4 18. Qd1 Nd5 19. h4 b4 20. Nxd5 exd5 21. h5 Rab8 22. hxg6 fxg6 23. e4 c3 24. exd5 Qd6 25. Be3 Nb6 26. f4 Rfc8 27. f5 cxb2 28.
Rc6 Rxc6 29. dxc6 Qxc6 30. Bf3 Qc3 31. fxg6 Qxe3 32. Re1 Qc1+ 33. Qxc1 bxc1=Q+ 34. Kxc1 Bg5+ 35. Kb1 Kf8 36. d5 Rd8 37. Re6 Nxd5 38. Rxa6 Bf6 39. Kc2 Ne3+ 40. Kb3 Rd3+ 41. Ka4 Ra3+ 42. Kb5 Rxa6 43.
Kxa6 Ke7 44. Kb5 Bc3 45. Ka4 Kd6 46. Kb3 Be1 47. a3 bxa3 48. Kxa3 Ke5 49. Kb3 Kf4 50. Bc6 Kxg4 51. Be8 Kf5 52. Kb2 Kf6 53. Bf7 Bb4 54. Kb3 Bd2 55. Kb2 Ng2 56. Be8 Nf4 57.
Kc2 Ba5 58. Kd1 Nxg6 59. Bb5 Ne5 60. Ke2 g5 61. Kf1 Kf5 62. Be2 Kf4 63. Kg2 g4 64. Bxg4 Nxg4 65. Kh3 Be1 66. Kg2 Bg3 67. Kf1 Kf3 68.
Kg1 Nf2 69. Kf1 Bh2 70. Ke1 Ne4 71. Kd1 Ke3 72. Kc2 Nd2 73. Kb2 Bd6 74. Kc3 Be7 75.
Kc2 Bf6 76. Kc1 Kd3 77. Kd1 Bh4 78. Kc1 Nc4 79. Kb1 Kc3 80. Kc1 Nb2 81. Kb1 Kb3 82. Ka1 Nc4 83. Kb1 Bg5 84. Ka1 Bh6 85. Kb1 Na3+ 86. Ka1 Bg7# 0-1

[Event "*** Titled Tuesday Blitz"]
[Site "Chess.com"]
[Date "2020.04.21"]
[Round "4"]
[White "AlexTriapishko"]
[Black "ChesterF"]
[Result "0-1"]
[WhiteElo "2741"]
[BlackElo "2542"]
[TimeControl "180+1"]
[EndTime "10:42:01 PDT"]
[Termination "ChesterF won on time"]

1. Nf3 Nf6 2. d4 d5 3. c4 e6 4. Nc3 Bb4 5. e3 O-O 6. Bd2 b6 7. cxd5 exd5 8. Bd3 Bb7 9. O-O Nbd7 10. Ne5 Bd6 11. f4 a6 12. Be1 Ne4 13. Qc2 f5 14.
Bxe4 fxe4 15. Qb3 Nf6 16. Bh4 Kh8 17. Kh1 Qe8 18. Rac1 Rc8 19. Qd1 c5 20. b3 b5 21.
dxc5 Bxc5 22. Qe1 Qh5 23. h3 Bb4 24. g4 Qe8 25. Qd2 Nd7 26. Nxd7 Qxd7 27. Be1 Rfd8 28.
Qd4 Bc5 29. Qe5 d4 30. Ne2 dxe3 31. f5 Bd6 32. Qd4 Qe7 33. Rxc8 Rxc8 34. Bg3 Bc5 35.
Qe5 Qxe5 36. Bxe5 Rd8 37. Rc1 Bb6 38. Bc7 Bxc7 39. Rxc7 Ba8 40. Kg2 Kg8 41. Kg3 Rd2 42. Nf4 Bd5 43. Rc8+ Kf7 44. Rd8 Bc6 45. Rc8 Bd7 46. Rc7 Ke7 47. g5 Kd6 48. Ra7 Ke5 49. f6 gxf6 50. gxf6 Kxf6 51. Rxa6+ Ke5 52. Ra7 e2 53.
Nxe2 Rxe2 54. Rxd7 Rxa2 55. Rb7 Rc2 56. Rxb5+ Kd4 57.
Rb8 Rc3+ 58. Kf4 Rf3+ 59. Kg4 Rf1 60. Rd8+ Ke3 61. b4 Rb1 62. Rb8 Kd3 63. Rd8+ Ke2 64.
Rb8 e3 65. b5 Kf2 66. Rf8+ Ke1 67. Rb8 e2 68. Kf3 Rb3+ 69. Kg2 Kd2 70. Rd8+ Rd3 71.
Re8 Re3 72. Rd8+ Kc2 73. Rc8+ Kb2 0-1

[Event "*** Titled Tuesday Blitz"]
[Site "Chess.com"]
[Date "2020.04.21"]
[Round "4"]
[White "wannabe2700"]
[Black "hypert"]
[Result "0-1"]
[WhiteElo "2664"]
[BlackElo "2516"]
[TimeControl "180+1"]
[EndTime "10:42:02 PDT"]
[Termination "hypert won by checkmate"]

1. b3 e5 2. Bb2 Nc6 3. e3 d6 4. c4 Nf6 5. Nf3 g6 6. d4 exd4 7. exd4 Bg7 8. d5 Ne7 9. Bd3 O-O 10. O-O c6 11. dxc6 bxc6 12. Nc3 d5 13. Na4 dxc4 14. Bxc4 Ned5 15. Rc1 Bf5 16. Nd4 Bd7 17. Nc5 Nb6 18. Nxd7 Qxd7 19. Nxc6 Nxc4 20. Rxc4 Qxd1 21. Rxd1 Rfe8 22. g3 Re2 23. Rb1 h5 24. Kf1 Rae8 25.
h3 a6 26. a4 Rd2 27. Bc3 Rc2 28. Bxf6 Rxc4 29. bxc4 Bxf6 30. Rb6 Re4 31. Na5 Kg7 32. Rxa6 Bc3 33. Nc6 Rxc4 34. Ke2 h4 35. Kd3 Rc5 36. Rb6 hxg3 37. fxg3 Be1 38. g4 Rc3+ 39. Ke2 Bg3 40. a5 Bc7 41. Ra6 Rxh3 42. Ra7 Bd6 43. Nd8 Rh2+ 44.
Kf3 Ra2 45. Rxf7+ Kh6 46. Rd7 Ra3+ 47. Ke4 Ra4+ 48. Kd3 Bb4 49. Rd4 Ra3+ 50. Ke4 Bxa5 51. Nf7+ Kg7 52. Rd7 Ra4+ 53. Kd5 Kf6 54. Ne5 Bc3 55.
Rf7+ Kg5 56. Nf3+ Kxg4 57. Nh2+ Kh3 58. Rf3+ Kxh2 59. Rxc3 g5 60. Ke5 g4 61. Rc2+ Kh3 62. Rc8 g3 63. Rh8+ Kg2 64. Rg8 Ra3 65. Rg7 Kg1 66.
Kf4 g2 67. Re7 Kf1 68. Rb7 g1=Q 69. Rb1+ Kg2 70. Rb2+ Kh1 71. Rb6 Qxb6 72. Ke4 Qb4+ 73. Kd5 Ra5+ 74. Kc6 Rc5+ 75. Kd7 Qd4+ 76. Ke7 Re5+ 77.
Kf7 Qf4+ 78. Kg8 Rg5+ 79. Kh7 Qh4# 0-1

[Event "*** Titled Tuesday Blitz"]
[Site "Chess.com"]
[Date "2020.04.21"]
[Round "4"]
[White "pooh2012"]
[Black "GM4life"]
[Result "1-0"]
[WhiteElo "2496"]
[BlackElo "2179"]
[TimeControl "180+1"]
[EndTime "10:42:03 PDT"]
[Termination "pooh2012 won by resignation"]

1. e4 e5 2. Nf3 Nc6 3. Bc4 Nf6 4. d3 Bc5 5. O-O a6 6. a4 Ba7 7. Bg5 h6 8. Bh4 g5 9. Bg3 d6 10. c3 Be6 11. Nbd2 Qd7 12. Re1 O-O-O 13. b4 h5 14. h4 gxh4 15. Bxh4 Ng4 16. b5 Na5 17. bxa6 Nxc4 18. axb7+ Kxb7 19. Nxc4 Rdg8 20. Rb1+ Ka8 21. Qb3 Rb8 22. Qc2 Rhg8 23. Rxb8+ Rxb8 24. Ncd2 f5 25. d4 fxe4 26. Qxe4+ d5 27. Qg6 e4 28. Ng5 Bf5 29. Qxh5 Rb2 30. Nf1 Qxa4 31. Qf7 Qd7 32. Qxd7 Bxd7 33.
Nf7 c5 34. dxc5 Bxc5 35. Ne3 Nxe3 36. fxe3 Rc2 37. Bf6 Be6 38. Ng5 Bg8 39. Bd4 Ba3 40.
Nh3 Bb2 41. Rb1 Bxc3 42. Nf4 Bxd4 43. exd4 Rd2 44. Rb4 e3 45. Kf1 Bh7 46. g3 Bd3+ 47. Nxd3 Rxd3 48. Ke2 Ra3 49. Rb5 Ra2+ 50. Kxe3 Rg2 51.
Kf4 Rf2+ 52. Kg4 Rd2 53. Rxd5 Kb7 54. Rd6 Kc7 55. Re6 Rxd4+ 56. Kf5 Rd5+ 57. Kf6 Rd4 58. Kg5 Kd7 59. Re1 Rd5+ 60. Kh6 Rd6+ 61. Kh5 Rd5+ 62.
Kh4 Rd4+ 63. g4 Rd3 64. Kh5 Rd2 65. Kg6 Kd8 66. g5 Rd6+ 67. Kg7 Rd7+ 68. Kh6 Rd6+ 69.
g6 Rd3 70. Kh7 Rh3+ 71. Kg7 Rg3 72. Kf7 Kd7 73. g7 Rf3+ 74. Kg8 Rg3 75. Kh7 Rh3+ 76. Kg6 Rg3+ 77. Kf7 Rf3+ 78. Kg8 Rg3 79. Re4 Kd6 80. Kf7 Rf3+ 81. Kg6 Rg3+ 82. Kf6 Rf3+ 83. Kg5 Rg3+ 84. Rg4 Rxg4+ 85. Kxg4 Ke6 86. g8=Q+ Kf6 87.
Qg5+ Kf7 88. Qh6 Kg8 89. Qf6 Kh7 90. Kg5 Kg8 91. Qe7 Kh8 92. Kg6 1-0

[Event "*** Titled Tuesday Blitz"]
[Site "Chess.com"]
[Date "2020.04.21"]
[Round "4"]
[White "Obito24"]
[Black "krasavetc"]
[Result "1-0"]
[WhiteElo "2647"]
[BlackElo "2461"]
[TimeControl "180+1"]
[EndTime "10:42:04 PDT"]
[Termination "Obito24 won on time"]

1. d4 Nf6 2. c4 c5 3. Nf3 g6 4.
Nc3 cxd4 5. Nxd4 Bg7 6. e4 O-O 7. Be2 d6 8. O-O Nc6 9. Be3 Bd7 10. h3 a6 11. a4 Nxd4 12. Bxd4 Bc6 13. Qc2 Nd7 14.
Bxg7 Kxg7 15. a5 Nf6 16. Nd5 e6 17. Nb6 Bxe4 18. Qc3 Rb8 19. Rad1 Qe7 20. Rd2 Rbd8 21. Rfd1 Bc6 22. b4 Kg8 23. Bf3 Ne4 24. Bxe4 Bxe4 25. Qg3 e5 26. Qe3 Bc6 27. Nd5 Bxd5 28. Rxd5 Rc8 29. Qe2 Rfd8 30. Qd3 e4 31. Qd4 Re8 32.
Rxd6 e3 33. fxe3 Qg5 34. e4 Qh4 35. e5 Qxd4+ 36. R1xd4 Rxe5 37. Rd8+ Rxd8 38. Rxd8+ Kg7 39. Rd7 Re4 40. Rc7 Rf4 41. g3 Rd4 42. Kf2 Rd2+ 43. Ke3 Rc2 44. Kd4 Rg2 45. Rxb7 Rxg3 46. b5 Rxh3 47. Kc5 Ra3 48. Kb4 Ra1 49. bxa6 h5 50.
a7 Rb1+ 51. Kc5 Rxb7 52. a8=Q Re7 53. Qd8 Re5+ 54. Kd4 Re6 55. Qc8 h4 56. a6 Re7 57.
Qc5 Rd7+ 58. Kc3 h3 59. Qe5+ Kf8 60. Qg3 Ra7 61. Qb8+ Kg7 62. Qxa7 h2 63. Qb7 Kf6 64.
Qh1 Ke6 65. a7 f5 66. a8=Q Kf6 67. Qad5 Kg5 68. Qxh2 Kg4 69. Qhg2+ Kf4 70. Qgf3+ Kg5 71.
Qd8+ Kh6 72. Qh3+ Kg7 73. Qhh8+ 1-0

[Event "*** Titled Tuesday Blitz"]
[Site "Chess.com"]
[Date "2020.04.21"]
[Round "4"]
[White "KuzubovYuriy"]
[Black "murtas73"]
[Result "0-1"]
[WhiteElo "2745"]
[BlackElo "2621"]
[TimeControl "180+1"]
[EndTime "10:42:06 PDT"]
[Termination "murtas73 won by checkmate"]

1. d4 Nf6 2. Nf3 e6 3. c4 b6 4. g3 Bb7 5. Bg2 Be7 6. Nc3 Ne4 7. Qc2 Nxc3 8. bxc3 d6 9. O-O Nd7 10. e4 O-O 11. a4 a5 12. Re1 e5 13. Nd2 g6 14.
Nf1 Bf6 15. Qd3 Re8 16. Bd2 Bg7 17. Ne3 Nf6 18. f3 h5 19. h4 Qd7 20. Qc2 Rad8 21.
Kh2 Qe7 22. Rad1 Kh7 23. Bc1 Ba6 24. Qb3 Bb7 25. Nd5 Nxd5 26. cxd5 Bc8 27. dxe5 Bxe5 28. f4 Bg7 29. c4 Qf6 30. Rd3 Bd7 31. Rde3 Qd4 32.
Rd3 Qf6 33. Re2 Qe7 34. Bb2 Bg4 35. Re1 Qf8 36. Rde3 Bxb2 37. Qxb2 Bd7 38. Qc2 f6 39. Bf1 Re7 40. Bd3 Qe8 41. Qc3 Qf7 42. Kg2 Rde8 43. Bc2 Kg8 44. Qd4 Qg7 45. Kf2 Kh8 46. R1e2 Kg8 47. Re1 Kh8 48. Qc3 Kg8 49. Bd1 Kh8 50. Qb3 Rf8 51. Bf3 g5 52. hxg5 fxg5 53. f5 g4 54. Bg2 Re5 55. R1e2 Qg5 56. Ke1 Rfe8 57. Kd2 Kg7 58. Ke1 Bxf5 59. Qc3 Bd7 60. Rb2 Kg8 61. c5 dxc5 62. d6 cxd6 63. Rxb6 Bf5 64. Rxd6 Bxe4 65. Qc4+ Bd5 66. Bxd5+ Kf8 67. Rxe5 Qxe5+ 68. Kf1 Qe1+ 69. Kg2 Re2+ 70. Qxe2 Qxe2+ 71. Kg1 Qe3+ 72. Kg2 Qd2+ 73.
Kg1 Qc1+ 74. Kg2 Qb2+ 75. Kg1 Qe5 76. Rd7 Qxg3+ 77. Kf1 Qf4+ 78. Kg2 h4 79. Ra7 h3+ 80. Kg1 g3 81. Bg2 Qf2+ 82. Kh1 Qxg2# 0-1

[Event "*** Titled Tuesday Blitz"]
[Site "Chess.com"]
[Date "2020.04.21"]
[Round "4"]
[White "LittlePeasant"]
[Black "regular_legs"]
[Result "0-1"]
[WhiteElo "2771"]
[BlackElo "2558"]
[TimeControl "180+1"]
[EndTime "10:42:06 PDT"]
[Termination "regular_legs won by resignation"]

1. d4 e6 2. c4 d5 3. Nc3 a6 4. cxd5 exd5 5. Bf4 c6 6. Nf3 Bd6 7. Ne5 Ne7 8. e3 O-O 9. Be2 f6 10. Nd3 Bf5 11. Bxd6 Qxd6 12. O-O Nd7 13. Rc1 Rfe8 14. Qb3 Rab8 15. Rfe1 Kh8 16. Na4 Bxd3 17. Bxd3 Nc8 18.
Bf5 Ne7 19. Bxd7 Qxd7 20. Nc5 Qc8 21. Qa4 Nf5 22. h3 Nd6 23. Nd3 Qf5 24. Qc2 Re7 25.
Nc5 Qg5 26. Qe2 Rbe8 27. Qg4 Qh6 28. a4 Rd8 29. Red1 Rde8 30. Rd3 Qg6 31. Qxg6 hxg6 32. Rb3 Kg8 33. Rb6 Kf7 34. h4 Rh8 35. g3 Rc8 36. Kg2 Rcc7 37. Rb3 Rc8 38. Rbc3 Rh8 39. Rb3 Rc8 40. Kf3 Rh8 41. Rd1 Rhe8 42. Rdd3 Rc8 43. Rb6 Rcc7 44. Kg2 Ke8 45. Rbb3 Kd8 46. f3 Kc8 47.
Kf2 Re8 48. Rd1 Rce7 49. Rc3 Nc4 50. e4 Nxb2 51. Rb1 Nc4 52. Re1 Kc7 53. Re2 a5 54. Re1 b6 55. Nd3 Kb7 56. Nf4 Rd7 57. Nxg6 Nb2 58. exd5 Rxe1 59. Kxe1 Rxd5 60. Re3 Kc7 61. Re7+ Rd7 62. Re8 Nxa4 63. Nf4 Nc3 64. Kd2 Nd5 65. Ne6+ Kd6 66. Nf8 Re7 67. Ra8 Re3 68. h5 Rxf3 69. Ra7 Rxg3 70. Ng6 Rg5 71. Rxg7 Nf4 72. Nf8 Rxg7 73. h6 Rf7 74. h7 Rxf8 75. Ke3 Rh8 0-1

[Event "*** Titled Tuesday Blitz"]
[Site "Chess.com"]
[Date "2020.04.21"]
[Round "4"]
[White "ENEASZ"]
[Black "Roenko_Artur"]
[Result "0-1"]
[WhiteElo "2515"]
[BlackElo "2278"]
[TimeControl "180+1"]
[EndTime "10:42:11 PDT"]
[Termination "Roenko_Artur won on time"]

1. e4 e6 2. d4 d5 3. Nc3 Bb4 4. e5 c5 5. a3 Bxc3+ 6. bxc3 Ne7 7. Qg4 cxd4 8. cxd4 Qc7 9. Bd2 Qxc2 10. Rc1 Qe4+ 11. Qxe4 dxe4 12. Nh3 Nbc6 13. Ng5 Nxd4 14. Nxe4 O-O 15.
Bb4 Ndc6 16. Bd6 Re8 17. Bb5 a6 18. Bxc6 Nxc6 19. O-O Nd4 20. Rc4 Nb5 21. a4 Na7 22. Rc7 Nc6 23. f4 Nd4 24. a5 Nb5 25. Rc5 Bd7 26. h3 Rac8 27. Rd1 Rxc5 28. Bxc5 Bc6 29. Nd6 Ra8 30. Nc4 h6 31. g4 Nc3 32. Re1 Nd5 33. f5 Rc8 34. Nd6 Rc7 35. Kh2 Bb5 36. Rc1 Nf4 37. Be3 Rxc1 38. Bxc1 Nd3 39. Ba3 Bc6 40.
fxe6 fxe6 41. Nc4 Bd5 42. Nb6 Bc6 43. Kg3 Nxe5 44. Nc8 Nd7 45. Bd6 Kf7 46. Kf4 Nf6 47. Be5 Nd7 48. Bc3 g5+ 49. Ke3 e5 50. Kf2 Ke6 51.
Bd2 Nc5 52. Be3 Ne4+ 53. Ke2 Nc3+ 54. Kd3 Nd5 55. Bd2 Bb5+ 56. Ke4 Bc6 57. Kf3 Nf4+ 58.
Kg3 Ne2+ 59. Kf2 Nd4 60. h4 gxh4 61. Bxh6 Nf3 62. Be3 e4 63. Nb6 Ne5 64. g5 Kf5 65.
Kg2 Ng4 66. Bd4 Kxg5 67. Kh3 Nf6 68. Nc4 Nh5 69. Be3+ Nf4+ 70. Kh2 Kf5 71. Nd6+ Kg4 72. Nf7 Nd3 73. Nd6 Kf3 74. Bb6 e3 75. Nf5 e2 76.
Nd4+ Kf2 77. Nxc6+ Kf1 78. Nd4 e1=Q 79. Nf3 Qe2+ 0-1